 Dungeon Crawl Stone Soup version 0.30.1-4-g462c640d31 (webtiles) character file.

Game seed: 12771202447254620122

357 LynnLen the Sneak (level 6, -6/30 HPs)
             Began as a Spriggan Enchanter on Sept 15, 2023.
             Mangled by a lemure (9 damage)
             ... led by Pikel
             ... on level 4 of the Dungeon.
             The game lasted 00:11:56 (4159 turns).

LynnLen the Sneak (Spriggan Enchanter)              Turns: 4159, Time: 00:11:56

Health: -6/30      AC:  3    Str:  4    XL:     6   Next: 36%
Magic:  7/12       EV: 18    Int: 19    God:
Gold:   184        SH:  0    Dex: 15    Spells: 4/12 levels left

rFire   . . .        a - +1 dagger (chaos)
rCold   . . .        (no shield)
rNeg    . . .        b - +1 robe
rPois   .            (helmet restricted)
rElec   .            (no cloak)
rCorr   .            (gloves unavailable)
SInv    +            (boots unavailable)
Will    +....        (no amulet)
Stlth   +++          (no ring)
HPRegen 0.25/turn    (no ring)
MPRegen 0.13/turn

%: no passive effects
@: invisible, very quick
A: very small, no large weapons, unfitting armour, see invisible, speed 3
a: no special abilities


You were on level 4 of the Dungeon.
You visited 1 branch of the dungeon, and saw 4 of its levels.

You collected 192 gold pieces.
You spent 8 gold pieces at shops.

Inventory:

Hand Weapons
 a - a +1 dagger of chaos (weapon)
Armour
 b - a +1 robe (worn)
Wands
 j - a wand of roots (25)
Scrolls
 d - 3 scrolls of teleportation
 g - a scroll of silence {unknown}
 i - a scroll of blinking {unknown}
 k - a scroll of poison
 l - a scroll of identify
 m - a scroll of amnesia
 n - a scroll of fog {unknown}
 o - 2 scrolls of magic mapping
Potions
 e - a potion of flight
 f - 2 potions of haste
 h - 2 potions of lignification


   Skills:
 + Level 1.3 Fighting
 + Level 2.4 Short Blades
 + Level 3.8 Dodging
 + Level 5.5 Stealth
 + Level 3.6 Spellcasting
 * Level 5.2 Hexes
 * Level 2.3 Ice Magic


You had 4 spell levels left.
You knew the following spells:

 Your Spells              Type           Power      Damage    Failure   Level
a - Ensorcelled Hibernat  Hex/Ice        34%        N/A       4%          2
b - Confusing Touch       Hex            23%        N/A       4%          3
c - Tukima's Dance        Hex            23%        N/A       4%          3

Your spell library contained the following spells:

 Spells                   Type           Power      Damage    Failure   Level
 Summon Small Mammal      Summ           12%        N/A       14%         1
 Dazzling Flash           Conj/Hex       26%        N/A       14%         3
 Summon Guardian Golem    Hex/Summ       13%        N/A       14%         3
 Call Canine Familiar     Summ           3%         N/A       41%         3
 Orb of Destruction       Conj           1%         9d5       100%        7
 Spellforged Servitor     Conj/Summ      1%         N/A       100%        7


Dungeon Overview and Level Annotations

Branches:
Dungeon (4/15)
 Temple: D:4-7

Altars:
Elyvilon
Fedhas
Zin
The Shining One

Shops:
D:4 *

Annotations:
D:4 Pikel


Innate Abilities, Weirdness & Mutations

You are very small and have problems with some larger weapons.
You are too small for most types of armour.
You have supernaturally acute eyesight. (SInv)
You cover ground extremely quickly. (Speed+++)


Message History

Pikel zaps a wand.
Your mind is blasted!
Pikel zaps a wand.
Your mind is blasted!
Aiming: Ensorcelled Hibernation (safe; 4% risk of failure)
Press: ? - help, Q - select action, (/) - cycle Shift-Dir - straight line, f - Pikel
Aim: Pikel, wielding a +2 whip of flaming, wearing a +0 robe and carrying a wand of mindburst (7) (chance to affect: 50%) Pikel resists with some effort.
You enter the shallow water.
Moving in this stuff is going to be slow.
Aiming: Ensorcelled Hibernation (safe; 4% risk of failure)
Press: ? - help, Q - select action, (/) - cycle Shift-Dir - straight line, f/p - Pikel
Aim: Pikel, wielding a +2 whip of flaming, wearing a +0 robe and carrying a wand of mindburst (7) (chance to affect: 50%) Pikel resists with some effort.
Pikel zaps a wand.
Your mind is blasted!
Aiming: Ensorcelled Hibernation (safe; 4% risk of failure)
Press: ? - help, Q - select action, (/) - cycle Shift-Dir - straight line, f/p - Pikel
Aim: Pikel, wielding a +2 whip of flaming, wearing a +0 robe and carrying a wand of mindburst (6) (chance to affect: 50%) Pikel looks drowsy...
Unknown command.
The helpless Pikel fails to defend himself.
You impale Pikel!!
Pikel is heavily wounded.
Pikel hits you with a +2 whip of flaming!
* * * LOW HITPOINT WARNING * * *
Pikel burns you.
* * * LOW HITPOINT WARNING * * *
You fade into invisibility!
The lemure misses you. Pikel closely misses you.
Unknown command.
You barely miss Pikel.
Pikel is heavily wounded.
The lemure closely misses you. Pikel closely misses you.
You hit Pikel but do no damage.
Pikel seems to grow stronger.
Pikel is heavily wounded.
Pikel zaps a wand.
You resist with significant effort.
You hit Pikel but do no damage.
Pikel seems to slow down.
Pikel is heavily wounded.
You hit Pikel. You freeze Pikel.
Pikel is heavily wounded.
Pikel is no longer moving slowly.
Pikel misses you. The lemure hits you!
You die...

#.........##....##
#........5##....#
######...............#
#.....~........#5....#
#####.#~~~~........#....÷#
#......~~_~........#.....#
#........~~.########.....#
#.......~~~5########.....##
#.........@K.............#.
#.......)................#.
#........................#.
#..........#######.......#.
#..........# #.......#.
#..........# #.......#.
#..........# #.....5.#.
#.[........# #######....#.
#..........# ##∩.∩.∩#....#.


You could see Pikel (wandering, strong, unable to see you) and a lemure (unable
to see you).

Vanquished Creatures
  Sigmund (D:2)
  An orc priest (D:3)
  Ijyb (D:3)
  An iguana (D:4)
  Robin (D:3)
  2 adders
  A worm (D:3)
  4 dart slugs
  4 orcs (D:3)
  4 endoplasms
  A giant cockroach (D:3)
  9 goblins
  11 hobgoblins
  5 kobolds
  A quokka (D:1)
  7 ball pythons
  3 bats
  2 frilled lizards (D:1)
  2 rats
61 creatures vanquished.

Notes
Turn   | Place    | Note
-------+----------+-------------------------------------------
     0 | D:1      | LynnLen the Spriggan Enchanter began the quest for the Orb.
     0 | D:1      | Reached XP level 1. HP: 9/9 MP: 5/5
   336 | D:1      | Reached XP level 2. HP: 13/13 MP: 6/6
   342 | D:1      | Learned a level 2 spell: Ensorcelled Hibernation
  1867 | D:2      | Noticed Sigmund
  1877 | D:2      | Killed Sigmund
  1878 | D:2      | Reached skill level 1 in Fighting
  1878 | D:2      | Reached skill level 5 in Stealth
  1878 | D:2      | Reached skill level 1 in Ice Magic
  1878 | D:2      | Reached XP level 3. HP: 7/18 MP: 4/8
  1878 | D:2      | Reached XP level 4. HP: 9/22 MP: 5/10
  1878 | D:2      | Reached XP level 5. HP: 10/25 MP: 5/11
  1955 | D:2      | Learned a level 3 spell: Confusing Touch
  1959 | D:2      | Learned a level 3 spell: Tukima's Dance
  2613 | D:3      | Reached skill level 5 in Hexes
  2762 | D:3      | Noticed Ijyb
  2814 | D:3      | Noticed Robin
  2827 | D:3      | Killed Robin
  2828 | D:3      | Reached XP level 6. HP: 18/30 MP: 5/12
  2970 | D:3      | Killed Ijyb
  3339 | D:4      | Found Toat's CLEARANCE SALE!.
  3350 | D:4      | Bought a scroll of identify for 4 gold pieces
  3350 | D:4      | Bought a scroll of identify for 4 gold pieces
  3396 | D:4      | Found a blossoming altar of Fedhas.
  3501 | D:4      | Found a white marble altar of Elyvilon.
  3501 | D:4      | Found a glowing silver altar of Zin.
  3503 | D:4      | Found a glowing golden altar of the Shining One.
  3748 | D:4      | Noticed Pikel
  3769 | D:4      | HP: 1/30 [Pikel/+2 whip of flaming (2)]
  4159 | D:4      | Mangled by a lemure

Illustrated notes

Levels and vault maps discovered:
D:1:      tarquinn_simple_flora_water_e, layout_basic, minmay_bisected
D:2:      layout_basic, uniq_sigmund
D:3:      layout_loops_ring, serial_forest, infiniplex_forest_lined_room_2,
          infiniplex_forest_straight_1, infiniplex_forest_corner_1,
          infiniplex_forest_clump_small, infiniplex_forest_lined_corner,
          infiniplex_forest_clump_long, infiniplex_forest_clump_cross,
          infiniplex_forest_end_double, infiniplex_forest_join,
          infiniplex_forest_straight_3, minivault_26, uniq_robin, uniq_ijyb
D:4:      layout_basic, dreamdust_divine_triumvirate, fedhas_altar_2,
          chequers_temple_overflow_minitemple, minmay_strange_pillars,
          nicolae_shop_clearance, uniq_pikel

Skill      XL: |  1  2  3  4  5 |
---------------+----------------+-----
Hexes          | 4 5 |  5.2
Fighting       | 1 |  1.3
Short Blades   | 2 |  2.4
Dodging        | 3 |  3.8
Stealth        | 5 |  5.5
Spellcasting   | 3 |  3.6
Ice Magic      | 1 2 |  2.3

Action                     |  1- 3 |  4- 6 || total
---------------------------+-------+-------++-------
  Melee: Dagger            |    76 |   123 ||   199
         Punch             |       |     1 ||     1
   Cast: Ensorcelled Hiber |     1 |    15 ||    16
    Use: Scroll            |     6 |     4 ||    10
         Potion            |       |     2 ||     2
   Stab: Sleeping          |     5 |    15 ||    20
         Petrifying        |       |     1 ||     1
 Armour: Robe              |     5 |    14 ||    19
  Dodge: Dodged            |    61 |    96 ||   157
